 Dungeon Crawl Stone Soup version 0.29.0-4-gdea44cf6ec (webtiles) character file.

Game seed: 14189140465972741026

96 qw the Chopper (level 4, 0/26 HPs)
             Began as a Tengu Warper on Aug 28, 2022.
             Slain by a goblin
             ... wielding a +0 dagger
             ... led by Robin
              (6 damage)
             ... on level 3 of the Dungeon.
             The game lasted 00:00:12 (2047 turns).

qw the Chopper (Tengu Warper)                       Turns: 2047, Time: 00:00:12

Health: 0/26       AC:  2    Str: 13    XL:     4   Next: 67%
Magic:  8/8        EV: 12    Int: 14    God:
Gold:   130        SH:  0    Dex: 13    Spells: 7/7 levels left

rFire   + . .      SeeInvis .   Y - +0 hand axe
rCold   + . .      Faith    .   (no shield)
rNeg    . . .      Spirit   .   j - +0 robe {rC+ rF+}
rPois   .          Reflect  .   (helmet restricted)
rElec   .          Harm     .   (no cloak)
rCorr   .          Rampage  .   (no gloves)
Will    .....                   (boots unavailable)
Stlth   +.........              (no amulet)
HPRegen 0.08/turn               (no ring)
MPRegen 0.11/turn               (no ring)

@: about to teleport
A: beak, talons 3
a: no special abilities


You were on level 3 of the Dungeon.
You visited 1 branch of the dungeon, and saw 3 of its levels.

You collected 130 gold pieces.


Innate Abilities, Weirdness & Mutations

You have a beak for a mouth.
You have claws for feet.


   Skills:
 - Level 2.0 Fighting
 + Level 5.2 Axes
 - Level 1.0 Throwing
 - Level 1.1 Armour
 - Level 2.1 Dodging
 - Level 2.0 Spellcasting
 - Level 2.4 Translocations


You had 7 spell levels left.
You didn't know any spells.
Your spell library contained the following spells:

 Spells                   Type           Power      Damage    Failure   Level
 Blink                    Tloc           16%        N/A       14%         2
 Gell's Gravitas          Tloc           8%         N/A       26%         3
 Lesser Beckoning         Tloc           8%         N/A       26%         3
 Teleport Other           Tloc           8%         N/A       26%         3
 Manifold Assault         Tloc           8%         N/A       94%         5

Inventory:

Hand Weapons
 e - a +0 whip
 Y - a +0 hand axe (weapon)
Missiles
 n - 5 boomerangs (quivered)
Armour
 b - a +0 leather armour
 j - a +0 robe of resistance (worn)
Jewellery
 d - a ring of ice
Scrolls
 f - a scroll of identify
Potions
 g - a potion of might
 h - 2 potions of curing
 k - a potion of attraction {unknown}
 l - a potion of magic {unknown}
 m - a potion of ambrosia {unknown}

Dungeon Overview and Level Annotations

Branches:
Dungeon (3/15)

Altars:
Gozag

Shops:
D:1 =


Message History

You hit the goblin.
You kill the goblin!
You barely miss Robin. Robin hits you with a +0 club.
You hit Robin but do no damage. Your peck misses Robin.
Robin is heavily wounded.
Robin roars a battlecry!
You hear a shout!
You barely miss Robin. Your kick misses Robin.
Robin is heavily wounded.
A goblin comes into view. It is wielding a +0 dagger.
Robin hits you but does no damage.
You hit Robin. You claw Robin.
You kill Robin!
You barely miss the goblin. The goblin barely misses you.
You barely miss the goblin.
A goblin comes into view. It is wielding a +0 club.
You closely miss the goblin.
A goblin comes into view. It is wielding a +0 dagger.
The goblin hits you with a +0 dagger.
You hit the goblin. Your kick misses the goblin.
The goblin is almost dead.
You closely miss the goblin. The goblin closely misses you.
The goblin hits you with a +0 dagger.
You slash the goblin!
You kill the goblin!
You hit the goblin. x2
You kill the goblin!
A goblin comes into view. It is wielding a +0 club.
The goblin hits you with a +0 dagger.
You barely miss the goblin. You claw the goblin, but do no damage.
The goblin is moderately wounded.
You hit the goblin. The goblin hits you with a +0 club.
The goblin hits you with a +0 dagger.
2047 ||| READING scroll of teleportation.
As you read the scroll of teleportation, it crumbles to dust.
You feel strangely unstable. The goblin misses you.
The goblin hits you with a +0 dagger.
You die...

.g . gg (. #g
.##g# ....
#.g #.##
#.###g###.###
#..)@g.......
#######.#.###
.# #


You could see 2 goblins.

Vanquished Creatures
  Jessica (D:2)
  Robin (D:3)
  2 adders (D:2)
  A dart slug (D:2)
  5 endoplasms
  A giant cockroach (D:1)
  9 goblins
  4 hobgoblins
  A quokka (D:2)
  2 ball pythons
  3 bats
  A frilled lizard (D:1)
  5 kobolds
  3 rats
39 creatures vanquished.

Notes
Turn   | Place    | Note
-------+----------+-------------------------------------------
     0 | D:1      | qw the Tengu Warper began the quest for the Orb.
     0 | D:1      | Reached XP level 1. HP: 12/12 MP: 4/4
     0 | D:1      | 0 ||| qw: Version: 0.1-a-89-g26bdef1
     0 | D:1      | 0 ||| qw: Game counter: 1602
     0 | D:1      | 0 ||| qw: Always use a shield: true
     0 | D:1      | 0 ||| qw: God list: Okawaru
     0 | D:1      | 0 ||| qw: Allow faded altars: false
     0 | D:1      | 0 ||| qw: Do Orc after D:15 true
     0 | D:1      | 0 ||| qw: Do second Lair branch before Depths: true
     0 | D:1      | 0 ||| qw: Lair rune preference: random
     0 | D:1      | 0 ||| qw: Plans: Normal
     0 | D:1      | 0 ||| PLANNING D:1-11
    47 | D:1      | 47 ||| Stepping ~*~*~tactically~*~*~ (stealth).
    80 | D:1      | 80 ||| Stepping ~*~*~tactically~*~*~ (stealth).
    81 | D:1      | 81 ||| Stepping ~*~*~tactically~*~*~ (stealth).
   467 | D:1      | Found Wevaereckol's Jewellery Boutique.
   473 | D:1      | 473 ||| SHOPLISTING amulet of regeneration (390 gold, have
                  | 16).
   473 | D:1      | 473 ||| SHOPLISTING ring of fire (325 gold, have 16).
   473 | D:1      | 473 ||| SHOPLISTING ring of positive energy (260 gold, have
                  | 16).
   473 | D:1      | 473 ||| SHOPLISTING ring of protection from cold (325 gold,
                  | have 16).
   473 | D:1      | 473 ||| SHOPLISTING ring of protection from fire (325 gold,
                  | have 16).
   473 | D:1      | 473 ||| SHOPLISTING ring of resist corrosion (260 gold,
                  | have 16).
   473 | D:1      | 473 ||| SHOPLISTING ring of willpower (325 gold, have 16).
   600 | D:1      | Reached XP level 2. HP: 17/17 MP: 6/6
   608 | D:1      | Reached skill level 3 in Axes
   990 | D:1      | 990 ||| READING scroll labelled WAEGEXEFEV.
   995 | D:1      | 995 ||| READING 2 scrolls labelled NENEUPNETIMP.
   996 | D:1      | 996 ||| READING scroll labelled IXERIB YCZARCH.
   997 | D:1      | 997 ||| READING scroll labelled MECOXZE OMIYWU.
   998 | D:1      | 998 ||| DROPPING scroll of blinking.
  1101 | D:2      | Reached XP level 3. HP: 20/21 MP: 7/7
  1206 | D:2      | 1206 ||| Stepping ~*~*~tactically~*~*~ (stealth).
  1208 | D:2      | 1208 ||| Stepping ~*~*~tactically~*~*~ (stealth).
  1210 | D:2      | 1210 ||| Stepping ~*~*~tactically~*~*~ (stealth).
  1212 | D:2      | 1212 ||| Stepping ~*~*~tactically~*~*~ (stealth).
  1326 | D:2      | Noticed Jessica
  1331 | D:2      | Killed Jessica
  1332 | D:2      | Reached skill level 4 in Axes
  1580 | D:2      | Reached XP level 4. HP: 26/26 MP: 8/8
  1823 | D:2      | Found an opulent altar of Gozag.
  1992 | D:2      | 1992 ||| UPGRADING to +0 robe of resistance.
  2002 | D:2      | 2002 ||| READING scroll labelled MEH XUNUSHAN.
  2003 | D:2      | 2003 ||| DRINKING 3 fuming dark potions.
  2004 | D:2      | 2004 ||| READING 3 scrolls of identify.
  2004 | D:2      | 2004 ||| IDENTIFYING brown potion
  2005 | D:2      | 2005 ||| READING 2 scrolls of identify.
  2005 | D:2      | 2005 ||| IDENTIFYING lumpy yellow potion
  2006 | D:2      | 2006 ||| DROPPING potion of flight.
  2007 | D:2      | 2007 ||| READING 2 scrolls of teleportation.
  2022 | D:3      | 2022 ||| Stepping ~*~*~tactically~*~*~ (stealth).
  2023 | D:3      | Noticed Robin
  2024 | D:3      | 2024 ||| Stepping ~*~*~tactically~*~*~ (stealth).
  2026 | D:3      | 2026 ||| Stepping ~*~*~tactically~*~*~ (hiding).
  2032 | D:3      | Reached skill level 5 in Axes
  2041 | D:3      | Killed Robin
  2046 | D:3      | HP: 6/26 [goblin/+0 dagger[Robin] (4)]
  2047 | D:3      | 2047 ||| READING scroll of teleportation.
  2047 | D:3      | Slain by a goblin

Levels and vault maps discovered:
D:1:      dpeg_arrival_windows_large_door, layout_loops_ring, serial_shops, shop
D:2:      layout_basic, basic_altar, minmay_misc_feat_five, uniq_jessica
D:3:      layout_loops_ring, led_sif_pool, serial_glass, glass_columns_b,
          glass_columns_b, dreamdust_ecumenical_altar_drowned_temple, uniq_robin

Skill      XL: |  1  2  3  4 |
---------------+-------------+-----
Axes           | 3 4 5 |  5.2
Fighting       | |  2.0
Throwing       | |  1.0
Armour         | |  1.1
Dodging        | |  2.1
Spellcasting   | |  2.0
Translocations | |  2.4

Action                   |  1- 3 |  4- 6 || total
-------------------------+-------+-------++-------
Melee: Hand axe          |    47 |    38 ||    85
       Kick              |    11 |    13 ||    24
       Peck              |     4 |     5 ||     9
       Punch             |       |     1 ||     1
Throw: Boomerang         |     7 |       ||     7
  Use: Scroll            |     4 |     5 ||     9
       Potion            |       |     1 ||     1
 Stab: Sleeping          |     1 |       ||     1
Armor: Leather armour    |    11 |     4 ||    15
       Robe              |       |     1 ||     1
Dodge: Dodged            |    23 |    12 ||    35

Table legend:
 A = Non-vault XP
 B = Vault XP
 C = Vault XP percentage of total XP
 D = Non-vault monster count
 E = Vault monster count
 F = Vault count percentage of total count
                 A         B        C        D         E       F
            +---------+---------+-------+---------+---------+-------
      Total |      73 |      65 |  47.1 |      30 |       9 |  23.1
            +---------+---------+-------+---------+---------+-------
        D:1 |      20 |       0 |   0.0 |      13 |       0 |   0.0
        D:2 |      53 |      37 |  41.1 |      17 |       1 |   5.6
        D:3 |       0 |      28 | 100.0 |       0 |       8 | 100.0
            +---------+---------+-------+---------+---------+-------
